Map: Аура смерти РВ

Players

Kantara

  • Race: Protoss Protoss
  • League: Diamond
  • Spawn Location: 11:00

Zilord - Winner!

  • Race: Zerg Zerg
  • League: Diamond
  • Spawn Location: 5:00

VOD

Have the link to the VOD?

Description

Time

  • Played on: Dec. 5, 2020, 7:45 p.m.
  • Length: 13:29
Show
View Real Time Build Order
Export as new Build Order

Kantara Protoss 

Build Orders: 1 Gate Expand 

Get SALT Encoding   

  12  0:00  Probe  
  13  0:13  Probe  
  14  0:18  Pylon  
  14  0:25  Probe  
  15  0:39  Gateway  
  15  0:42  Probe (Chrono Boost)  
  16  0:53  Assimilator  
  16  0:54  Probe (Chrono Boost)  
  17  0:58  Probe (Chrono Boost)  
  18  1:09  Probe  
  19  1:21  Probe  
  20  1:26  Nexus  
  20  1:34  Cybernetics Core  
  20  1:37  Probe  
  21  1:45  Assimilator  
  21  1:50  Probe  
  22  2:00  Pylon  
  22  2:02  Probe  
  23  2:18  Probe  
  23  2:21  Warp Gate  
  26  2:27  Stalker  
  26  2:30  Probe (Chrono Boost)  
  27  2:40  Probe (Chrono Boost)  
  28  2:45  Probe (Chrono Boost), Stargate  
  28  2:46  Probe  
  30  2:53  Assimilator  
  30  2:54  Assimilator  
  30  2:57  Probe (Chrono Boost)  
  31  2:59  Sentry, Pylon, Probe (Chrono Boost)  
  34  3:10  Probe (Chrono Boost)  
  34  3:11  Probe (Chrono Boost)  
  36  3:15  Shield Battery  
  36  3:18  Probe (Chrono Boost)  
  36  3:19  Probe (Chrono Boost)  
  38  3:20  Void Ray (Chrono Boost)  
  38  3:23  Probe  
  39  3:27  Probe  
  44  3:35  Probe  
  44  3:39  Probe  
  46  3:45  Stargate  
  47  3:50  Probe (Chrono Boost)  
  47  3:52  Probe (Chrono Boost)  
  48  3:58  Void Ray  
  50  4:03  Probe (Chrono Boost)  
  50  4:04  Probe (Chrono Boost)  
  54  4:19  Nexus  
  54  4:27  Pylon  
  54  4:39  Void Ray  
  54  4:40  Pylon  
  54  4:42  Pylon  
  54  4:45  Probe x2  
  60  4:52  Void Ray  
  60  4:57  Probe x2  
  66  5:00  Shield Battery  
  66  5:07  Robotics Facility  
  66  5:08  Twilight Council  
  66  5:09  Probe x2  
  68  5:16  Void Ray  
  68  5:21  Probe x2  
  74  5:33  Probe x2  
  74  5:34  Void Ray  
  80  5:46  Pylon, Probe x2  
  80  5:48  Pylon  
  82  5:52  Templar Archives  
  82  5:58  Robotics Bay, Probe  
  82  6:00  Pylon  
  82  6:01  Observer  
  82  6:02  Pylon  
  84  6:05  Probe x2  
  84  6:10  Probe  
  87  6:28  Assimilator  
  87  6:32  Probe, Assimilator  
  88  6:33  Probe x2  
  88  6:36  Pylon  
  90  6:40  Charge (Chrono Boost)  
  90  6:43  Pylon  
  90  6:45  Psionic Storm, Colossus, Probe  
  91  6:52  Robotics Facility  
  97  7:09  Gateway  
  97  7:10  Gateway  
  97  7:13  Gateway  
  97  7:17  Forge  
  89  7:31  Colossus, Nexus  
  89  7:33  Zealot  
  89  7:35  Assimilator  
  87  7:37  Assimilator  
  87  7:41  Pylon  
  88  7:49  Protoss Ground Weapons Level 1 (Chrono Boost), Probe x3  
  91  7:52  Colossus  
  91  7:58  Photon Cannon  
  91  8:00  Photon Cannon  
  91  8:02  Shield Battery  
  91  8:04  Shield Battery  
  97  8:06  High Templar x3  
  97  8:10  Pylon  
  97  8:11  Pylon  
  97  8:12  Pylon  
  103  8:17  Archon  
  103  8:18  High Templar  
  105  8:25  Disruptor (Chrono Boost)  
  108  8:27  Nexus  
  108  8:29  Pylon  
  108  8:33  Assimilator  
  108  8:35  Assimilator  
  108  8:36  Probe x3  
  111  8:43  Disruptor (Chrono Boost)  
  111  8:44  Void Ray  
  111  8:45  Void Ray  
  114  8:48  Probe  
  114  8:55  Archon  
  123  8:56  Disruptor (Chrono Boost)  
  126  9:11  Zealot x4  
  134  9:18  Protoss Air Weapons Level 1 (Chrono Boost)  
  134  9:22  Photon Cannon  
  134  9:24  Photon Cannon  
  134  9:26  Photon Cannon  
  134  9:28  Shield Battery  
  134  9:30  Shield Battery  
  134  9:31  Gateway  
  134  9:33  Gateway  
  134  9:34  Photon Cannon, Gateway  
  134  9:37  Shield Battery  
  134  9:38  Probe x3  
  137  9:39  Shield Battery  
  137  9:45  Protoss Ground Weapons Level 2 (Chrono Boost)  
  129  9:50  Probe  
  129  9:51  Probe  
  129  9:52  Probe x2  
  133  9:58  Disruptor x2  
  133  10:01  Void Ray x2 (Chrono Boost)  
  133  10:02  Probe  
  133  10:04  Probe  
  149  10:17  Zealot x4  
  157  10:22  Pylon  
  157  10:23  Pylon  
  157  10:25  Pylon  
  157  10:35  Void Ray x2  
  157  10:38  High Templar x2  
  157  10:39  High Templar x2  
  169  10:54  Archon x2  
  169  11:00  Extended Thermal Lance (Chrono Boost)  
  169  11:16  Gateway  
  169  11:18  Gateway  
  167  11:52  High Templar x2  
  167  11:53  High Templar x2  
  171  11:56  Probe x3  
  174  12:04  Fleet Beacon  
  174  12:09  Archon x2  
Show
View Real Time Build Order
Export as new Build Order

Zilord Zerg - Winner!

Build Orders: Hatch First, Lurkers 

Get SALT Encoding   

  12  0:00  Drone  
  13  0:13  Overlord  
  13  0:16  Drone  
  14  0:32  Drone x2  
  16  0:48  Hatchery  
  15  0:51  Drone  
  15  0:54  Drone  
  17  0:59  Drone  
  18  1:09  Extractor  
  17  1:13  Spawning Pool  
  17  1:15  Drone  
  17  1:19  Drone  
  18  1:29  Drone  
  19  1:40  Drone  
  20  1:51  Overlord  
  20  2:00  Queen x2  
  24  2:10  Hatchery  
  24  2:14  Drone  
  24  2:31  Zergling x2  
  24  2:32  Zergling x2  
  24  2:36  Pneumatized Carapace  
  26  2:37  Queen  
  26  2:41  Drone  
  29  2:44  Drone  
  29  2:45  Drone  
  31  3:00  Overlord  
  31  3:01  Drone x3  
  34  3:11  Drone x2  
  36  3:18  Queen  
  36  3:19  Drone  
  39  3:20  Overlord  
  39  3:21  Drone x2  
  39  3:26  Queen  
  43  3:31  Metabolic Boost  
  43  3:42  Overlord, Drone x2  
  43  3:44  Drone x2  
  47  3:53  Drone x3  
  47  3:54  Overlord, Drone  
  51  3:56  Drone  
  52  4:07  Drone x2  
  52  4:08  Drone x4  
  58  4:11  Drone  
  59  4:20  Queen  
  61  4:25  Drone x3  
  64  4:32  Lair  
  64  4:36  Extractor  
  64  4:37  Extractor  
  62  4:38  Extractor  
  62  4:39  Extractor  
  62  4:40  Drone x2  
  62  4:41  Drone x4  
  62  4:42  Drone x2  
  62  4:44  Drone  
  68  4:46  Drone x3  
  68  4:49  Drone  
  72  5:01  Drone  
  72  5:02  Overlord  
  72  5:03  Spore Crawler  
  72  5:05  Hatchery  
  71  5:09  Evolution Chamber  
  71  5:12  Evolution Chamber  
  71  5:13  Drone x3  
  72  5:36  Overlord  
  72  5:38  Zerg Missile Weapons Level 1  
  72  5:39  Zerg Ground Armor Level 1  
  72  5:43  Overlord, Hydralisk Den  
  72  5:46  Drone x11  
  82  5:51  Extractor  
  82  5:55  Overlord, Queen  
  83  6:02  Hatchery  
  83  6:03  Overlord, Drone  
  83  6:25  Hatchery, Hydralisk x12  
  84  6:30  Grooved Spines  
  106  6:40  Hydralisk x5  
  113  7:05  Hydralisk  
  113  7:06  Hydralisk x2  
  113  7:08  Overlord x2  
  119  7:12  Overlord x2  
  119  7:20  Drone x6  
  119  7:21  Overlord x3  
  117  7:34  Hydralisk x11  
  117  7:36  Hatchery  
  138  7:41  Muscular Augments  
  138  7:55  Drone x9  
  138  7:57  Extractor  
  146  7:59  Infestation Pit  
  146  8:01  Zerg Missile Weapons Level 2  
  146  8:03  Lurker Den  
  144  8:18  Zerg Ground Armor Level 2  
  144  8:22  Drone x9  
  144  8:23  Overlord x2, Drone x5  
  158  8:48  Spore Crawler  
  157  8:55  Extractor  
  157  9:01  Hive  
  156  9:03  Pathogen Glands  
  156  9:05  Swarm Host  
  159  9:21  Hatchery  
  158  9:28  Extractor  
  158  9:29  Extractor  
  158  9:30  Overlord x2  
  157  9:38  Lurker x3  
  157  9:39  Lurker x6  
  165  9:56  Hydralisk x14  
  165  9:58  Zergling x12  
  199  10:01  Overlord x3  
  199  10:02  Overseer x2  
  199  10:05  Overseer x2  
  199  10:42  Zerg Missile Weapons Level 3  
  198  10:52  Seismic Spines  
  198  11:00  Overlord  
  198  11:01  Overlord  
  198  11:12  Spine Crawler x4  
  198  11:13  Spine Crawler  
  198  11:14  Spore Crawler x2, Drone  
  198  11:15  Drone x5  
  198  11:16  Overlord x2, Spore Crawler  
  196  11:20  Viper  
  186  11:40  Zergling x28  
  186  11:43  Adrenal Glands  
  197  11:50  Adaptive Talons  
  197  12:01  Overlord x2  
  197  12:21  Hatchery  
  193  12:32  Evolution Chamber  
  193  12:33  Evolution Chamber  
  142  12:54  Hydralisk x19  
Tags
 
Add a new tag
Caveats
  • Supply blocks, unpowered buildings, or Contaminate may cause inaccurate times.
  • Supply counts are checked every 10 seconds.